[Event "Early-Titled-Tuesday-Blitz-May-07-2024"]
[Site "Chess.com"]
[Date "2024.05.07"]
[Round "2"]
[White "jaramsdal"]
[Black "IlanSchnaider"]
[Result "0-1"]
[WhiteElo "2404"]
[BlackElo "2725"]
[TimeControl "180+1"]
[EndTime "8:19:35 PDT"]
[Termination "IlanSchnaider won by resignation"]

1. e4 e5 2. Nf3 Nc6 3. d4 exd4 4. Bc4 Nf6 5. e5 Ne4 6. Qe2 Nc5 7. c3 Ne6 8. O-O Be7 9. Rd1 dxc3 10. Nxc3 O-O 11. Be3 a6 12. Rac1 b5 13. Bd5 Bb7 14. Ne4 Qe8 15. Ne1 Ncd4 16. Bxd4 Bxd5 17. f4 Nxf4 18. Qf3 Ne6 19. Nf6+ Bxf6 20. Qxd5 Bg5 21. Rc3 c6 22. Qe4 d5 23. exd6 Nxd4 24. Qxd4 Bf6 25. Qd3 Bxc3 26.
bxc3 Qe6 27. Nf3 Rad8 28. d7 h6 29. Kh1 c5 30. h3 f6 31. Qd6 Qxd6 32. Rxd6 Rf7 33.
Rxa6 Rfxd7 34. Rb6 Rd1+ 35. Kh2 Rb1 36. a4 b4 37.
cxb4 Rxb4 38. a5 Rxb6 39. axb6 Rb8 0-1

[Event "Early-Titled-Tuesday-Blitz-May-07-2024"]
[Site "Chess.com"]
[Date "2024.05.07"]
[Round "2"]
[White "miaou33"]
[Black "kekic76"]
[Result "1-0"]
[WhiteElo "2543"]
[BlackElo "2347"]
[TimeControl "180+1"]
[EndTime "8:19:36 PDT"]
[Termination "miaou33 won by checkmate"]

1. e4 c6 2. d4 d5 3. exd5 cxd5 4. Bd3 Nc6 5. c3 Nf6 6. h3 e6 7. Nf3 Be7 8. O-O O-O 9. Re1 b6 10. Nbd2 Bb7 11. Nf1 h6 12. Ng3 Rc8 13. Bf4 Na5 14.
Ne5 Nc4 15. Qe2 b5 16. Rad1 a6 17. a3 Nd6 18. Bb1 Nde4 19. Nh5 Bd6 20. Bh2 Bxe5 21. dxe5 Nxh5 22. Qxh5 Qg5 23. Qe2 Rc4 24. Bd3 Rcc8 25. f4 Qe7 26. Kh1 Nc5 27. Bg1 Nxd3 28. Rxd3 Rc4 29.
Bd4 a5 30. Rg3 Qh4 31. Rg4 Qh5 32. Rxg7+ Kxg7 33. Qxh5 b4 34. f5 exf5 35. e6+ Kh7 36. e7 Re8 37. Qxf7# 1-0

[Event "Early-Titled-Tuesday-Blitz-May-07-2024"]
[Site "Chess.com"]
[Date "2024.05.07"]
[Round "2"]
[White "Meri-Arabidze"]
[Black "FollowRivers"]
[Result "1-0"]
[WhiteElo "2697"]
[BlackElo "2433"]
[TimeControl "180+1"]
[EndTime "8:19:38 PDT"]
[Termination "Meri-Arabidze won by resignation"]

1. d4 Nf6 2. Nf3 g6 3. g3 Bg7 4. Bg2 O-O 5. O-O d6 6. b3 c6 7. Bb2 a5 8. a3 Nbd7 9. c4 b6 10.
Qc2 Bb7 11. Nc3 d5 12. Rad1 Rc8 13. e4 dxe4 14. Nxe4 Nxe4 15. Qxe4 a4 16. b4 Re8 17. Rfe1 Qc7 18. Ng5 Nf6 19. Qh4 b5 20. c5 h6 21.
Nf3 Rcd8 22. Ne5 Nd7 23. Nf3 Bc8 24. Bc1 g5 25. Qe4 Nf6 26. Qc2 Bg4 27. h3 Bxf3 28.
Bxf3 Nd5 29. Kg2 e5 30. dxe5 Rxe5 31. Bb2 Rxe1 32. Rxe1 Qd7 33. Bg4 Qc7 34. Bxg7 Kxg7 35. Qb2+ Kg8 36. Bf5 Qb8 37. Bb1 Re8 38. Qc2 Rxe1 39.
Qh7+ Kf8 40. Qh8+ Ke7 41. Qxb8 Rxb1 42. Qb7+ Kf8 43. Qxc6 Nc3 44. Qd6+ Kg7 45. Qe5+ 1-0

[Event "Early-Titled-Tuesday-Blitz-May-07-2024"]
[Site "Chess.com"]
[Date "2024.05.07"]
[Round "2"]
[White "PavelShkapenko"]
[Black "YouShallNotPass001"]
[Result "1-0"]
[WhiteElo "2723"]
[BlackElo "2458"]
[TimeControl "180+1"]
[EndTime "8:19:39 PDT"]
[Termination "PavelShkapenko won by checkmate"]

1. e4 Nf6 2. e5 Ne4 3. d3 Nc5 4. d4 Ne6 5. d5 Nc5 6. Nf3 e6 7.
Nc3 d6 8. Bb5+ c6 9. dxc6 bxc6 10. Be2 d5 11. Bg5 Qb6 12. O-O Qxb2 13. Qd2 Qa3 14.
Nd4 h6 15. Bh4 Ba6 16. f4 g6 17. Rf3 Bxe2 18. Ndxe2 Qa5 19. Bf6 Rg8 20. Rd1 Qc7 21. Bh4 h5 22. Nd4 Nbd7 23. Kh1 Rb8 24. Rdf1 Be7 25. Bxe7 Kxe7 26. f5 gxf5 27. Nxf5+ exf5 28. Rxf5 Nxe5 29. Rxe5+ Qxe5 30. Re1 Qxe1+ 31. Qxe1+ Ne6 32. Qh4+ Kd7 33. h3 Rb2 34. Qf6 Rg7 35. Nxd5 Rxc2 36.
Qe7+ Kc8 37. Qe8+ Kb7 38. Qe7+ Ka6 39. Nb4+ Kb5 40. Nxc2 c5 41. Qf6 Kc4 42. Ne3+ Kd3 43. Nf5 Rh7 44. Qe5 c4 45. Qd5+ Kc2 46. Qxc4+ Kb1 47. Qd3+ Kxa2 48. Qc2+ Ka3 49. Ne3 Rg7 50. Qb1 Rg5 51. Nc2+ Ka4 52. Qb4# 1-0

[Event "Early-Titled-Tuesday-Blitz-May-07-2024"]
[Site "Chess.com"]
[Date "2024.05.07"]
[Round "2"]
[White "ValentinDragnev"]
[Black "Artemiki"]
[Result "0-1"]
[WhiteElo "2715"]
[BlackElo "2484"]
[TimeControl "180+1"]
[EndTime "8:19:41 PDT"]
[Termination "Artemiki won on time"]

1. d4 Nf6 2. Nf3 e6 3. Bf4 d5 4. e3 Be7 5. c4 O-O 6. Nc3 b6 7. Be2 Bb7 8. O-O a6 9. Rc1 Nbd7 10. cxd5 exd5 11. Ne5 c5 12. dxc5 Nxc5 13. Bf3 Ne6 14. Bg3 Rc8 15. Qe2 Ng5 16. Rfd1 Nxf3+ 17.
Nxf3 Bb4 18. Be5 Qe7 19. Bd4 Ne4 20. Na4 b5 21. Nb6 Rxc1 22. Rxc1 Nd6 23. h3 Nf5 24.
Qd3 Qe4 25. Qb3 Nxd4 26. Nxd4 Bd6 27. Nd7 Rc8 28. Rxc8+ Bxc8 29. Nb6 Qb1+ 0-1

[Event "Early-Titled-Tuesday-Blitz-May-07-2024"]
[Site "Chess.com"]
[Date "2024.05.07"]
[Round "2"]
[White "Eliwood44"]
[Black "Pertinhez76"]
[Result "1-0"]
[WhiteElo "2457"]
[BlackElo "2142"]
[TimeControl "180+1"]
[EndTime "8:19:41 PDT"]
[Termination "Eliwood44 won by resignation"]

1. d4 Nf6 2. c4 e6 3. Nf3 b6 4.
g3 Ba6 5. b3 d5 6. Bg2 Nbd7 7.
O-O dxc4 8. Nc3 c5 9. d5 Rc8 10.
e4 e5 11. Qe2 Bd6 12. bxc4 O-O 13. Nh4 Ne8 14. Nf5 g6 15. Nh6+ Kg7 16. a4 Be7 17.
Nb5 Bg5 18. Nxa7 Bxc1 19. Rfxc1 Kxh6 20. Nxc8 Qxc8 21. a5 Nd6 22. axb6 Nxb6 23. Qa2 Bxc4 24. Qa7 Qd8 25. Rab1 Ndc8 26. Qa5 Bd3 27. Rb2 c4 28.
Qd2+ Kg7 29. Qe3 f5 30. exf5 Rxf5 31. Bh3 Nxd5 32. Rb7+ Nce7 33. Qc5 Rf7 34. Be6 Qa8 35.
Rd7 Nf4 36. gxf4 Qf3 37. Rxe7 Be4 38. Rxf7+ Kh6 39. Qf8+ 1-0

[Event "Early-Titled-Tuesday-Blitz-May-07-2024"]
[Site "Chess.com"]
[Date "2024.05.07"]
[Round "2"]
[White "GMT4114"]
[Black "willyam13"]
[Result "0-1"]
[WhiteElo "1977"]
[BlackElo "2438"]
[TimeControl "180+1"]
[EndTime "8:19:41 PDT"]
[Termination "willyam13 won on time"]

1. e4 e5 2. Bc4 Nf6 3. d3 d5 4.
exd5 Nxd5 5. Nf3 Nc6 6. O-O Nb6 7. Bb5 Bd6 8. Re1 f6 9. Nc3 O-O 10. a4 Bg4 11. h3 Bh5 12. a5 Nd7 13. Bxc6 bxc6 14. Qe2 Nc5 15. Be3 Ne6 16. g4 Bg6 17. Qf1 a6 18. Ne2 Rb8 19. b3 c5 20. Nd2 Nd4 21.
Ra2 Qd7 22. Qg2 f5 23. Bxd4 cxd4 24. g5 Bb4 25. Rd1 Bh5 26. f3 Rb5 27. Nc4 Qd5 28. Kf2 Bc5 29. Ng3 Bg6 30. Kf1 e4 31.
f4 Bd6 0-1

[Event "Early-Titled-Tuesday-Blitz-May-07-2024"]
[Site "Chess.com"]
[Date "2024.05.07"]
[Round "2"]
[White "OppieZippy"]
[Black "RodTwinkz"]
[Result "0-1"]
[WhiteElo "2393"]
[BlackElo "2676"]
[TimeControl "180+1"]
[EndTime "8:19:42 PDT"]
[Termination "RodTwinkz won by resignation"]

1. Nf3 Nf6 2. g3 g6 3. b3 Bg7 4. Bb2 O-O 5. Bg2 d5 6. O-O c5 7. c4 d4 8. b4 Nc6 9. b5 Nb8 10.
e3 Nh5 11. exd4 cxd4 12. d3 e5 13. Re1 Re8 14. Nbd2 Nd7 15. Ne4 Ndf6 16. Ned2 Nd7 17. a4 Nc5 18. Nb3 Nxb3 19. Qxb3 Rb8 20. Nd2 b6 21.
Ne4 Nf6 22. Ba3 Nxe4 23. Bxe4 Bb7 24. c5 Bxe4 25. Rxe4 bxc5 26. Bxc5 a6 27. b6 Bf8 28.
Bxf8 Rxb6 29. Qc4 Kxf8 30. Rae1 Rbe6 31. Qc5+ Qe7 32. Qc4 f5 33. R4e2 Qd6 34. f4 e4 35.
dxe4 fxe4 36. f5 gxf5 37. Rf1 Re5 38. Ref2 Qd7 39. g4 e3 40. Rxf5+ Rxf5 41. Rxf5+ Kg7 42. Rd5 Qxg4+ 43. Kh1 Qe4+ 44. Kg1 e2 45. Rd7+ Kh8 0-1

[Event "Early-Titled-Tuesday-Blitz-May-07-2024"]
[Site "Chess.com"]
[Date "2024.05.07"]
[Round "2"]
[White "mapleaff"]
[Black "savitha1030"]
[Result "1-0"]
[WhiteElo "2252"]
[BlackElo "2472"]
[TimeControl "180+1"]
[EndTime "8:19:42 PDT"]
[Termination "mapleaff won by checkmate"]

1. e4 c5 2. Nf3 e6 3. g3 Nc6 4. Bg2 Nf6 5. Qe2 Be7 6. O-O O-O 7. c3 d5 8. e5 Nd7 9. d4 cxd4 10. cxd4 Nb6 11.
Nc3 a6 12. Rd1 Bd7 13. h4 Rc8 14. Bg5 f6 15. exf6 Bxf6 16. Bh3 Qe7 17. a4 h6 18. Bf4 Nc4 19. Nxd5 exd5 20. Qxe7 Bxe7 21. Bxd7 Rcd8 22. Bxc6 bxc6 23. b3 Nd6 24. Rac1 Ne4 25. Ne5 g5 26. hxg5 hxg5 27. Be3 Bf6 28. Rxc6 a5 29. Ng4 Bg7 30. Rdc1 Rb8 31. Ra6 Rxb3 32. Rxa5 Ra3 33. Rc7 Nc3 34.
Raa7 Bf6 35. Nh6+ Kh8 36. Rh7# 1-0

[Event "Early-Titled-Tuesday-Blitz-May-07-2024"]
[Site "Chess.com"]
[Date "2024.05.07"]
[Round "2"]
[White "masterofpuppets2"]
[Black "PonyQueen07"]
[Result "1-0"]
[WhiteElo "2457"]
[BlackElo "2136"]
[TimeControl "180+1"]
[EndTime "8:19:42 PDT"]
[Termination "masterofpuppets2 won by checkmate"]

1. d4 Nf6 2. c4 e6 3. Nf3 Bb4+ 4. Bd2 a5 5. g3 b6 6. Bg2 Bb7 7. O-O O-O 8. Qc2 Bxd2 9. Nbxd2 d6 10. e4 Nbd7 11. b3 e5 12. Rfe1 exd4 13. Nxd4 Re8 14.
Rad1 Ng4 15. f3 Nge5 16. Nf1 Nf6 17. Ne3 Nc6 18. Nb5 Nb4 19. Qb1 Na6 20. Nd5 c6 21. Nxf6+ Qxf6 22. Nxd6 Re7 23. e5 Qh6 24. Nf5 Qe6 25.
Rd6 g6 26. Rxe6 Rxe6 27. Nd6 Bc8 28. f4 Re7 29. Bxc6 Rb8 30. f5 gxf5 31. Nxf5 Re6 32. Bd5 Rg6 33. Ne7+ Kg7 34. Nxg6 hxg6 35. Rf1 Be6 36. Bxe6 fxe6 37. Qe4 Nc5 38. Qf4 Rb7 39. Qf8+ Kh7 40. Qe8 Rg7 41. Rf8 Kh6 42. h4 Kh5 43.
Kg2 Nd3 44. Rh8+ Kg4 45. Qa8 Kf5 46. Rf8+ Kxe5 47. Qb8+ Kd4 48. Qxb6+ Kc3 49. Qxa5+ Kc2 50. Rf2+ Nxf2 51. Kxf2 Rf7+ 52. Ke2 Rd7 53. c5 Rd5 54. Qb4 Re5+ 55. Kf3 Rf5+ 56. Kg4 Rd5 57. Qc4+ Kb2 58. c6 Kxa2 59. c7 Kb2 60. c8=Q Rd2 61. Qc3+ Ka2 62. Qa6+ Kb1 63. Qaa1# 1-0

[Event "Early-Titled-Tuesday-Blitz-May-07-2024"]
[Site "Chess.com"]
[Date "2024.05.07"]
[Round "2"]
[White "kemelgallo"]
[Black "ChristopherYoo"]
[Result "1-0"]
[WhiteElo "2654"]
[BlackElo "3021"]
[TimeControl "180+1"]
[EndTime "8:19:44 PDT"]
[Termination "kemelgallo won by resignation"]

1. d4 Nf6 2. c4 e6 3. g3 c5 4. d5 exd5 5. cxd5 d6 6. Nc3 g6 7.
Bg2 Bg7 8. Nf3 O-O 9. O-O a6 10. a4 Re8 11. Bf4 Ne4 12. Nxe4 Rxe4 13. Nd2 Rb4 14. Ra2 g5 15. Be3 Qe7 16. Qc2 h6 17. Nc4 Nd7 18. b3 b5 19. Na5 Ne5 20. Bd2 Rd4 21. Bc3 Bg4 22. Bxd4 cxd4 23. axb5 axb5 24.
Nc6 Qe8 25. Rxa8 Qxa8 26. Nxd4 Qa5 27. Nc6 Qc7 28. Qe4 Bh5 29. Nxe5 Bxe5 30. Qd3 b4 31. Be4 Kg7 32. Kg2 Bg6 33. Bxg6 fxg6 34. Qc4 Qa5 35. Rc1 Bc3 36. h3 h5 37. Qe4 Qc7 38. Rd1 Qf7 39. Rd3 Be5 40. Qxb4 Kh6 41. Qe4 Qb7 42. b4 Qb5 43. h4 g4 44. Qe3+ Kg7 45. Ra3 Qxd5+ 46. Kh2 Qf7 47. Ra7 1-0

[Event "Early-Titled-Tuesday-Blitz-May-07-2024"]
[Site "Chess.com"]
[Date "2024.05.07"]
[Round "2"]
[White "Goryachkina"]
[Black "Naruto75_3"]
[Result "0-1"]
[WhiteElo "2686"]
[BlackElo "2415"]
[TimeControl "180+1"]
[EndTime "8:19:44 PDT"]
[Termination "Naruto75_3 won on time"]

1. e4 c5 2. Nf3 d6 3. d4 cxd4 4.
Nxd4 Nf6 5. Nc3 a6 6. Be2 e5 7.
Nb3 Be7 8. O-O O-O 9. Be3 Be6 10. Re1 Nbd7 11. Qd3 Rc8 12. Nd5 Bxd5 13. exd5 b5 14.
a4 Nb6 15. axb5 axb5 16. Bxb6 Qxb6 17. c3 b4 18. c4 Nd7 19. Na5 Nb8 20. Bg4 Rc5 21.
Nb3 Rc7 22. g3 g6 23. h4 f5 24. Bh3 f4 25. Be6+ Kg7 26. Kg2 fxg3 27. fxg3 Qf2+ 28. Kh3 Rf3 29. Qxf3 Qxf3 30. Nd2 Qd3 31. Rad1 Nd7 32. Ne4 Qxc4 33. Rf1 Qxe4 34. Rf7+ Kh6 35. Rxe7 Qe2 36. Rg1 Rc2 0-1

[Event "Early-Titled-Tuesday-Blitz-May-07-2024"]
[Site "Chess.com"]
[Date "2024.05.07"]
[Round "2"]
[White "GMSrinath"]
[Black "Artyom_ChessMate"]
[Result "1-0"]
[WhiteElo "2850"]
[BlackElo "2575"]
[TimeControl "180+1"]
[EndTime "8:19:45 PDT"]
[Termination "GMSrinath won on time"]

1. e4 e5 2. Nf3 Nc6 3. Bc4 Bc5 4. c3 Nf6 5. d3 d6 6. O-O h6 7. Nbd2 a5 8. Bb5 O-O 9. Bxc6 bxc6 10.
d4 exd4 11. cxd4 Ba7 12. h3 Re8 13. Re1 Ba6 14. Qc2 Qd7 15. Nb1 c5 16. d5 c6 17. dxc6 Qxc6 18. Nc3 d5 19. exd5 Nxd5 20. Nxd5 Rxe1+ 21. Nxe1 Qxd5 22. Be3 Bb7 23. Rd1 Qxa2 24. Nd3 Be4 25. Qc1 Rc8 26. Nxc5 Bxc5 27. Bxc5 Qe6 28.
Qe3 Qc6 29. Bd4 Qg6 30. f3 Rc2 31. g4 Qd6 32. f4 Rg2+ 33. Kf1 Qa6+ 34. Ke1 Rh2 35.
Qxe4 f5 36. gxf5 Qc4 37. Qe6+ 1-0

[Event "Early-Titled-Tuesday-Blitz-May-07-2024"]
[Site "Chess.com"]
[Date "2024.05.07"]
[Round "2"]
[White "rhwr"]
[Black "betta2004"]
[Result "0-1"]
[WhiteElo "2302"]
[BlackElo "2522"]
[TimeControl "180+1"]
[EndTime "8:19:45 PDT"]
[Termination "betta2004 won by checkmate"]

1. e4 e5 2. Nf3 Nf6 3. Nc3 Bc5 4. Bc4 d6 5. O-O O-O 6. d4 exd4 7. Nxd4 Bg4 8. f3 Be6 9. Bxe6 fxe6 10. Kh1 Qe7 11. a4 Nc6 12. Nb3 Bb4 13. Bd2 Nh5 14. Qe1 Ne5 15. Nd5 exd5 16. Bxb4 d4 17. Bd2 c5 18. Nc1 Rf7 19. b3 Raf8 20. Nd3 Kh8 21. Nxe5 dxe5 22. a5 g5 23. Qe2 Qf6 24. a6 Qh6 25.
Kg1 b6 26. b4 Nf4 27. Bxf4 gxf4 28. bxc5 bxc5 29. Rab1 Rg7 30. Rb7 Rxb7 31. axb7 Qb6 32. Qc4 Qxb7 33. Qxc5 Qg7 34. Rf2 Rb8 35. Rf1 h5 36. c3 d3 37. Rd1 Rd8 38. Qa5 Rd7 39. c4 Kh7 40. c5 Qe7 41. c6 Rc7 42. Qd5 Qf6 43. Rxd3 Rxc6 44. Qd7+ Kh6 45. Qxa7 Rc1+ 46. Kf2 Qh4+ 47. g3 Qxh2# 0-1

[Event "Early-Titled-Tuesday-Blitz-May-07-2024"]
[Site "Chess.com"]
[Date "2024.05.07"]
[Round "2"]
[White "TimGrutter03"]
[Black "FaustinoOro"]
[Result "0-1"]
[WhiteElo "2602"]
[BlackElo "2887"]
[TimeControl "180+1"]
[EndTime "8:19:46 PDT"]
[Termination "FaustinoOro won on time"]

1. c4 Nf6 2. Nc3 e5 3. g3 Bb4 4. Bg2 O-O 5. Qc2 Nc6 6. e3 d6 7. Nge2 a5 8. a3 Bc5 9. O-O Bb6 10. Rb1 Be6 11. d3 d5 12. cxd5 Nxd5 13. b3 Qd7 14. Bb2 Rad8 15. Rfd1 Rfe8 16. Rbc1 f6 17. Na4 Qf7 18.
Nc5 Bxc5 19. Qxc5 Nb6 20. Bxc6 bxc6 21. Qxc6 Bxb3 22. Re1 Re7 23. d4 Bd5 24. Qc2 exd4 25. Bxd4 Nc8 26. Nf4 Bb3 27. Qc3 a4 28. Qa5 Nd6 29. Bc5 Re5 30. Qb4 Ne4 31. Bd4 Ree8 32. Qb7 Rd7 33. f3 Ng5 34. Kg2 c5 0-1

[Event "Early-Titled-Tuesday-Blitz-May-07-2024"]
[Site "Chess.com"]
[Date "2024.05.07"]
[Round "2"]
[White "unbreakablepawn35"]
[Black "Boundless_Strike"]
[Result "0-1"]
[WhiteElo "2390"]
[BlackElo "2659"]
[TimeControl "180+1"]
[EndTime "8:19:46 PDT"]
[Termination "Boundless_Strike won by resignation"]

1. d4 e5 2. dxe5 d6 3. Nf3 Bg4 4. Qd4 Qd7 5. exd6 Bxd6 6. Ne5 Bxe5 7. Qxe5+ Ne7 8. Nc3 Nc6 9. Qb5 O-O-O 10. Be3 a6 11.
Qa4 h5 12. Rd1 Qe6 13. Bc5 Ng6 14. h3 Qe5 15. hxg4 Qxc5 16. gxh5 Nge5 17. e3 Rxd1+ 18. Nxd1 Rd8 19. Be2 Qd6 20. O-O g6 21. h6 Rh8 22.
Qf4 f5 23. Nc3 Qf6 24. Rd1 g5 25. Qa4 Qxh6 26. f3 g4 27. f4 g3 28. Bh5 Qxh5 29. Kf1 Qh1+ 30. Ke2 Qxg2+ 0-1

[Event "Early-Titled-Tuesday-Blitz-May-07-2024"]
[Site "Chess.com"]
[Date "2024.05.07"]
[Round "2"]
[White "Perecke"]
[Black "schachlana"]
[Result "1-0"]
[WhiteElo "2547"]
[BlackElo "2350"]
[TimeControl "180+1"]
[EndTime "8:19:46 PDT"]
[Termination "Perecke won by checkmate"]

1. e4 c5 2. Nf3 a6 3. c4 Nc6 4. d4 cxd4 5. Nxd4 e5 6. Nf5 d5 7.
cxd5 Bxf5 8. exf5 Nd4 9. Nc3 Nf6 10. Bg5 h6 11. Bxf6 Qxf6 12. Qa4+ Kd8 13. Bd3 Bd6 14.
O-O Ke7 15. Ne4 Qh4 16. f4 b5 17. Qa5 exf4 18. Nxd6 Kxd6 19. Qb6+ Kxd5 20. Rad1 Rad8 21.
Rfe1 f3 22. Be4+ Ke5 23. Bc2+ Ne2+ 24. Kh1 fxg2+ 25. Kxg2 Qg4+ 26. Kf2 Qf4+ 27. Kxe2 Qg4+ 28. Kf2+ Kf4 29. Qe3# 1-0

[Event "Early-Titled-Tuesday-Blitz-May-07-2024"]
[Site "Chess.com"]
[Date "2024.05.07"]
[Round "2"]
[White "chess123456s"]
[Black "KuzubovYuriy"]
[Result "0-1"]
[WhiteElo "2626"]
[BlackElo "2963"]
[TimeControl "180+1"]
[EndTime "8:19:47 PDT"]
[Termination "KuzubovYuriy won by checkmate"]

1. Nf3 d5 2. g3 Bg4 3. Bg2 Nd7 4. c4 e6 5. O-O Bxf3 6. Bxf3 Ne5 7. Qb3 Nxf3+ 8. Qxf3 Nf6 9. b3 Be7 10. Bb2 O-O 11.
d3 c6 12. Nd2 d4 13. Ne4 a5 14. Nxf6+ Bxf6 15. a3 Qe7 16. e4 dxe3 17. Bxf6 exf2+ 18. Rxf2 Qxf6 19. Qxf6 gxf6 20. Rxf6 Rad8 21. Rd1 b5 22. Rf4 f5 23. Re1 Kf7 24. d4 Rd7 25. Kf2 bxc4 26. bxc4 Rb8 27. g4 Rb2+ 28. Re2 Rxe2+ 29. Kxe2 Kf6 30.
h4 Rb7 31. gxf5 exf5 32. Rf3 Rb2+ 33. Kd1 Rh2 34. Rf4 Rh3 35. d5 cxd5 36. cxd5 Rxa3 37. Rd4 Ke5 38. Rd2 Kd6 39. Ke2 Rh3 40. Rd4 h5 41.
Kf2 Ra3 42. Kg2 Rb3 43. Ra4 Rb5 44. Kf3 Ke5 45. d6 Kxd6 46. Kf4 Rb4+ 47. Rxb4 axb4 48. Kg5 b3 49. Kxh5 b2 50. Kg6 b1=Q 51. h5 f4+ 52. Kg7 f3 53. h6 f2 54. h7 Qxh7+ 55. Kf6 f1=Q+ 56. Kg5 Qff5# 0-1

[Event "Early-Titled-Tuesday-Blitz-May-07-2024"]
[Site "Chess.com"]
[Date "2024.05.07"]
[Round "2"]
[White "Zapateado"]
[Black "vaishali2001"]
[Result "0-1"]
[WhiteElo "2393"]
[BlackElo "2699"]
[TimeControl "180+1"]
[EndTime "8:19:47 PDT"]
[Termination "vaishali2001 won on time"]

1. c4 Nf6 2. Nc3 g6 3. g3 Bg7 4. Bg2 O-O 5. e4 d6 6. Nge2 c5 7. O-O Nc6 8. d3 a6 9. h3 Rb8 10. a4 Bd7 11. Be3 Qc8 12. Kh2 Nb4 13. Rc1 b5 14.
cxb5 axb5 15. axb5 Bxb5 16. Nxb5 Rxb5 17. d4 Nd7 18. e5 dxe5 19. dxc5 Nb8 20. Qa4 Qa6 21. Qxa6 N4xa6 22. c6 Nc7 23. Rc2 f5 24. Nc3 Rb3 25.
Nd5 Nba6 26. Nxe7+ Kf7 27. Nd5 e4 28. Nxc7 Nxc7 29.
Rd1 Re8 30. Bf1 Rxe3 31. fxe3 Be5 32. Rd7+ Kf6 33. Bc4 g5 34. b4 h5 35. b5 h4 0-1

[Event "Early-Titled-Tuesday-Blitz-May-07-2024"]
[Site "Chess.com"]
[Date "2024.05.07"]
[Round "2"]
[White "banjadvorovi"]
[Black "wild3000"]
[Result "1/2-1/2"]
[WhiteElo "2359"]
[BlackElo "2516"]
[TimeControl "180+1"]
[EndTime "8:19:47 PDT"]
[Termination "Game drawn by repetition"]

1. e4 e6 2. d3 c5 3. Nd2 Nc6 4. g3 g6 5. Bg2 Bg7 6. Ngf3 d5 7.
O-O Nf6 8. exd5 Nxd5 9. Re1 O-O 10.
Nc4 b6 11. Nfe5 Bb7 12. Nxc6 Bxc6 13. c3 Qc7 14. Qc2 b5 15. Ne3 Rfd8 16. Nxd5 Bxd5 17. Bf4 Qc6 18. Bxd5 Rxd5 19. Rad1 Rad8 20. Rd2 h5 21.
h4 a5 22. Red1 a4 23. a3 Rf5 24. Be3 Qf3 25. d4 c4 26. Re1 Qg4 27. Qd1 Qh3 28. Qe2 Rdd5 29. Qf1 Qg4 30. Qe2 Rf3 31. Kg2 Rdf5 32.
d5 exd5 33. Bd4 Bxd4 34. Rxd4 Rxf2+ 35. Qxf2 Rxf2+ 36. Kxf2 Qf5+ 37. Rf4 Qd3 38. Rd4 Qf5+ 39. Rf4 Qd7 40. Re5 Qh3 41. Re2 Kg7 42. Re7 Qh2+ 43.
Kf3 Qh1+ 44. Kf2 Qh2+ 45. Kf3 Qh1+ 46. Kf2 Qh2+ 1/2-1/2

[Event "Early-Titled-Tuesday-Blitz-May-07-2024"]
[Site "Chess.com"]
[Date "2024.05.07"]
[Round "2"]
[White "LuisFSiles"]
[Black "GMthekingindian"]
[Result "1-0"]
[WhiteElo "2491"]
[BlackElo "2249"]
[TimeControl "180+1"]
[EndTime "8:19:48 PDT"]
[Termination "LuisFSiles won on time"]

1. e4 c5 2. Nf3 e6 3. c3 Nf6 4. e5 Nd5 5. Bc4 d6 6. d4 cxd4 7. cxd4 Be7 8. O-O O-O 9. Qe2 b6 10. a3 Bb7 11. Nc3 Nxc3 12. bxc3 Nd7 13. exd6 Bxd6 14. Bd3 Qc7 15. h4 Qxc3 16. Bb2 Qa5 17.
Ne5 Bxe5 18. dxe5 Nc5 19. Bc2 Ba6 20. Qh5 g6 21. Qh6 Bxf1 22. Rxf1 Qb5 23. Bc1 f6 24. h5 Nd3 25. hxg6 Qd7 26. Bxd3 f5 27. Bc4 Rae8 28. Bg5 Qg7 29. gxh7+ Qxh7 30. Bxe6+ Kh8 31. Bf6+ Rxf6 32.
Qxf6+ Qg7 33. Qh4+ Qh7 34. Qxh7+ Kxh7 35. Bxf5+ Kh6 36.
f4 Kh5 37. Rd1 1-0

[Event "Early-Titled-Tuesday-Blitz-May-07-2024"]
[Site "Chess.com"]
[Date "2024.05.07"]
[Round "2"]
[White "H3nriqueTV"]
[Black "Kotlyar_K"]
[Result "1-0"]
[WhiteElo "2423"]
[BlackElo "2680"]
[TimeControl "180+1"]
[EndTime "8:19:49 PDT"]
[Termination "H3nriqueTV won by checkmate"]

1. e4 c5 2. Nf3 d6 3. d4 cxd4 4. Nxd4 Nf6 5. Nc3 g6 6. Bc4 Bg7 7. f3 Qb6 8. Nb3 Nc6 9. h4 O-O 10. Qe2 Nh5 11. Be3 Qc7 12. Qd2 Ne5 13. Be2 Ng3 14. Nd5 Qd8 15. Rh2 Nxe2 16. Qxe2 Bd7 17. O-O-O e6 18. Nc3 Qc7 19. h5 Rac8 20. hxg6 fxg6 21.
Bh6 Nc4 22. Bxg7 Kxg7 23. Rdh1 Rh8 24. Qe1 b5 25. Qh4 Be8 26. Nd4 Bf7 27. Ndxb5 Qb8 28. Qh6+ Kg8 29. Qf4 a6 30. Qf6 axb5 31. e5 Nxe5 32.
Ne4 Qc7 33. c3 Re8 34. Qxh8+ Kxh8 35. Rxh7+ Kg8 36. Rh8+ Kg7 37. R1h7# 1-0

[Event "Early-Titled-Tuesday-Blitz-May-07-2024"]
[Site "Chess.com"]
[Date "2024.05.07"]
[Round "2"]
[White "chess_sharparchitect"]
[Black "patzer-reloaded"]
[Result "1-0"]
[WhiteElo "2277"]
[BlackElo "2480"]
[TimeControl "180+1"]
[EndTime "8:19:49 PDT"]
[Termination "chess_sharparchitect won on time"]

1. c4 d6 2. Nc3 Nf6 3. d4 g6 4. e4 Bg7 5. h3 O-O 6. Be3 c5 7. Nf3 cxd4 8. Nxd4 Nc6 9. Be2 Nxd4 10. Bxd4 b6 11. O-O Bb7 12. Qd3 Nd7 13. Bxg7 Kxg7 14.
Rad1 Rc8 15. b3 a6 16. Bg4 Ne5 17. Qd4 f5 18. exf5 gxf5 19. f4 Qc7 20. Bf3 Bxf3 21.
Rxf3 Qc5 22. fxe5 dxe5 23. Qxc5 Rxc5 24. Rd7 Rf7 25. Nd5 b5 26. Nxe7 f4 27. cxb5 Kf8 28.
bxa6 Rxe7 29. Rxe7 Kxe7 30. b4 Rc1+ 31. Kh2 Kd6 32. b5 1-0

[Event "Early-Titled-Tuesday-Blitz-May-07-2024"]
[Site "Chess.com"]
[Date "2024.05.07"]
[Round "2"]
[White "IMGC"]
[Black "Chernov_Alexander_A"]
[Result "1-0"]
[WhiteElo "2493"]
[BlackElo "2253"]
[TimeControl "180+1"]
[EndTime "8:19:50 PDT"]
[Termination "IMGC won on time"]

1. Nf3 d5 2. e3 c5 3. d4 Nc6 4. c3 e6 5. Bd3 Nf6 6. O-O Bd6 7. Nbd2 O-O 8. Qe2 e5 9. dxe5 Nxe5 10. Nxe5 Bxe5 11. e4 Re8 12. f4 Bc7 13. e5 c4 14.
Bc2 Bb6+ 15. Kh1 Ng4 16. Nf3 f6 17. h3 fxe5 18. fxe5 Nf6 19. Bg5 Qc7 20. Rae1 Nh5 21. Kh2 g6 22. g4 Ng7 23. Qd2 Be6 24. Bf6 Rf8 25. Ng5 Rae8 26. Nxe6 Nxe6 27. Qxd5 Qc6 28. Be4 Qxd5 29. Bxd5 Bc7 30. Kg2 Rf7 31. Bxc4 Rd7 32. Rd1 Rxd1 33. Rxd1 1-0

[Event "Early-Titled-Tuesday-Blitz-May-07-2024"]
[Site "Chess.com"]
[Date "2024.05.07"]
[Round "2"]
[White "Lily_Schirmbeck"]
[Black "NigiriSushies"]
[Result "0-1"]
[WhiteElo "1631"]
[BlackElo "2421"]
[TimeControl "180+1"]
[EndTime "8:19:50 PDT"]
[Termination "NigiriSushies won on time"]

1. c4 c6 2. Nc3 d5 3. cxd5 cxd5 4. d4 Nf6 5. Nf3 Nc6 6. Bf4 Bf5 7. e3 e6 8. a3 Bd6 9. Bd3 Bxf4 10. exf4 Bg4 11. Be2 O-O 12. O-O Ne4 13. Ne5 Bxe2 14. Nxe2 Na5 15.
f3 Nd6 16. b4 Nac4 17. Qd3 Rc8 18. Nc1 b6 19. Nb3 Qe8 20. Nd2 Qa4 21. Ndxc4 dxc4 22. Qe2 c3 23. Rfc1 Nb5 24. Nd3 Nxd4 25. Qe3 Nb3 26. Rab1 c2 27. Rb2 Nxc1 28. Qxc1 Qxa3 29. Rxc2 Qxc1+ 30. Rxc1 Rxc1+ 31. Nxc1 Rd8 32. Kf2 Rd1 33. Ne2 Rb1 34. Nc3 Rxb4 35. Ne4 a5 36. Nc3 a4 37.
Na2 Rb2+ 0-1

[Event "Early-Titled-Tuesday-Blitz-May-07-2024"]
[Site "Chess.com"]
[Date "2024.05.07"]
[Round "2"]
[White "sterpfi"]
[Black "twofoxniel"]
[Result "0-1"]
[WhiteElo "2284"]
[BlackElo "2680"]
[TimeControl "180+1"]
[EndTime "8:19:51 PDT"]
[Termination "twofoxniel won by resignation"]

1. e4 d5 2. exd5 Nf6 3. Bb5+ Nbd7 4. Nc3 a6 5. Ba4 b5 6. Bb3 Nb6 7. Nf3 Bb7 8. O-O Nbxd5 9. Nxd5 Nxd5 10. d4 e6 11. a4 Be7 12. axb5 axb5 13. Rxa8 Qxa8 14. Qe2 O-O 15. Ne5 b4 16. f4 g6 17. g4 Bd6 18.
f5 exf5 19. gxf5 Ba6 20. Bc4 Bxc4 21. Qxc4 Nb6 22. Qd3 Qd5 23. Bf4 c5 24. fxg6 hxg6 25. Nxg6 Re8 26. Qg3 Qxd4+ 27. Rf2 Re1+ 28. Kg2 Qe4+ 29.
Kh3 Qf5+ 30. Kg2 Qe4+ 31. Kh3 fxg6 32. Bxd6 Re3 33. Re2 Rxg3+ 34. Bxg3 Qxe2 0-1